3AAA
SALT LAKE CITY BUZZ @ ATHLETIC CLUB KC RESERVES
08/18/2042
 
TOP OF THE 1ST
Salt Lake City Buzz batting - Pitching for Athletic Club KC Reserves : RHP Kyuso Ageda
Pitching: RHP Kyuso Ageda
Batting: RHB Vinnie Nuyten 0-0: Bunt for hit to 15S - play at first, batter OUT! 1-3
Batting: RHB César Vélez 0-0: Ball
1-0: Ball
2-0: Swinging Strike
2-1: Ball
3-1: Base on Balls
Batting: RHB Juan Neváres 0-0: Ball
1-0: Foul Ball, location: 2F
1-1: Called Strike
1-2: Ball
2-2: Ball
3-2: Fly out, F7 (Flyball, 78M, EV 84.4 MPH)
Batting: LHB Aaron Day 0-0: Foul Ball, location: 2F
0-1: Ground out 4-3 (Groundball, 34, EV 85.0 MPH)
Top of the 1st over - 0 runs, 0 hits, 0 errors, 1 left on base; Salt Lake City 0 - Athletic Club KC 0
BOTTOM OF THE 1ST
Athletic Club KC Reserves batting - Pitching for Salt Lake City Buzz : RHP Alfredo Molina
Pitching: RHP Alfredo Molina
Batting: RHB Marcos Quintana 0-0: Ball
1-0: Ball
2-0: Ground out 6-3 (Groundball, 6, EV 78.1 MPH)
Batting: SHB Gary Hopkins 0-0: Called Strike
0-1: Foul Ball, location: 2F
0-2: Ball
1-2: Ground out U3 (Groundball, 3, EV 81.2 MPH)
Batting: RHB Dick Barnett 0-0: Fly out, F8 (Flyball, 8RD, EV 95.6 MPH)
Bottom of the 1st over - 0 runs, 0 hits, 0 errors, 0 left on base; Salt Lake City 0 - Athletic Club KC 0
TOP OF THE 2ND
Salt Lake City Buzz batting - Pitching for Athletic Club KC Reserves : RHP Kyuso Ageda
Batting: RHB Falco Opsteegh 0-0: Called Strike
0-1: SINGLE (Groundball, 34S, EV 67.5 MPH) (infield hit)
Batting: RHB Fytor Ceia 0-0: Called Strike
0-1: Ball
1-1: Foul Ball, location: 2F
1-2: Ball
2-2: Grounds into double play, 4-6-3 (Groundball, 4S, EV 82.5 MPH)
Batting: LHB Ronald Lithgoe 0-0: Ball
1-0: Hit by Pitch
Batting: RHB Mark Quaintance 0-0: Ball
1-0: Foul Ball, location: 2F
1-1: Foul Ball, location: 2F
1-2: Foul Ball, location: 2F
1-2: SINGLE (Groundball, 56D, EV 100.0 MPH)
Ronald Lithgoe to second
Batting: LHB Glenn Lockhart 0-0: Ball
1-0: Ball
2-0: Called Strike
2-1: Ball
3-1: Called Strike
3-2: Base on Balls
Ronald Lithgoe to third
Mark Quaintance to second
Batting: RHB Vinnie Nuyten 0-0: Fly out, F8 (Flyball, 8LS, EV 81.9 MPH)
Top of the 2nd over - 0 runs, 2 hits, 0 errors, 3 left on base; Salt Lake City 0 - Athletic Club KC 0
BOTTOM OF THE 2ND
Athletic Club KC Reserves batting - Pitching for Salt Lake City Buzz : RHP Alfredo Molina
Batting: LHB Oriol Fernández 0-0: Called Strike
0-1: Swinging Strike
0-2: Ground out 4-3 (Groundball, 4, EV 88.1 MPH)
Batting: SHB Michael Evershed 0-0: Called Strike
0-1: Ball
1-1: SINGLE (Groundball, 6D, EV 108.8 MPH)
Batting: LHB Miguel Fernández 0-0: Ball
1-0: Swinging Strike
1-1: Foul Ball, location: 2F
1-2: SINGLE (Line Drive, 9S, EV 90.0 MPH)
Michael Evershed to second
Batting: LHB Ted Reed 0-0: Called Strike
0-1: Foul Ball, location: 2F
0-2: Ball
1-2: Ball
2-2: Ball
3-2: Fly out, F3 (Line Drive, 3, EV 72.5 MPH)
Batting: LHB Thomas Nealy 0-0: Foul Ball, location: 2F
0-1: Ball
1-1: Ball
2-1: Foul Ball, location: 2F
2-2: Ball
3-2: Fly out, F7 (Flyball, 7LM, EV 85.6 MPH)
Bottom of the 2nd over - 0 runs, 2 hits, 0 errors, 2 left on base; Salt Lake City 0 - Athletic Club KC 0
TOP OF THE 3RD
Salt Lake City Buzz batting - Pitching for Athletic Club KC Reserves : RHP Kyuso Ageda
Batting: RHB César Vélez 0-0: Ball
1-0: Ball
2-0: Ball
3-0: Base on Balls
Batting: RHB Juan Neváres 0-0: Swinging Strike
0-1: Ball
1-1: Fly out, F8 (Line Drive, 8RD, EV 103.8 MPH)
Batting: LHB Aaron Day 0-0: Called Strike
0-1: Ball
1-1: Foul Ball, location: 2F
1-2: Ball
2-2: Ball
3-2: Fly out, F5 (Popup, 5S, EV 73.1 MPH)
Batting: RHB Falco Opsteegh 0-0: Foul Ball, location: 2F
0-1: Called Strike
0-2: SINGLE (Line Drive, 4MD, EV 93.8 MPH)
César Vélez to second
Batting: RHB Fytor Ceia 0-0: Called Strike
0-1: Called Strike
0-2: Ball
1-2: Strikes out swinging
Top of the 3rd over - 0 runs, 1 hit, 0 errors, 2 left on base; Salt Lake City 0 - Athletic Club KC 0
BOTTOM OF THE 3RD
Athletic Club KC Reserves batting - Pitching for Salt Lake City Buzz : RHP Alfredo Molina
Batting: RHB Gabriel Martínez 0-0: Ground out U3 (Groundball, 34, EV 83.8 MPH)
Batting: RHB Marcos Quintana 0-0: Ball
1-0: Ground out 5-3 (Groundball, 5, EV 98.8 MPH)
Batting: SHB Gary Hopkins 0-0: Called Strike
0-1: Ball
1-1: Ball
2-1: Fly out, F7 (Flyball, 7LSF, EV 93.1 MPH)
Bottom of the 3rd over - 0 runs, 0 hits, 0 errors, 0 left on base; Salt Lake City 0 - Athletic Club KC 0
TOP OF THE 4TH
Salt Lake City Buzz batting - Pitching for Athletic Club KC Reserves : RHP Kyuso Ageda
Batting: LHB Ronald Lithgoe 0-0: Ground out 6-3 (Groundball, 6, EV 105.6 MPH)
Batting: RHB Mark Quaintance 0-0: Fly out, F9 (Flyball, 89D, EV 95.0 MPH)
Batting: LHB Glenn Lockhart 0-0: Ball
1-0: Ball
2-0: SINGLE (Flyball, 78S, EV 86.9 MPH)
Batting: RHB Vinnie Nuyten 0-0: Called Strike
0-1: Ball
1-1: Ground out 1-3 (Groundball, 34S, EV 83.1 MPH)
Top of the 4th over - 0 runs, 1 hit, 0 errors, 1 left on base; Salt Lake City 0 - Athletic Club KC 0
BOTTOM OF THE 4TH
Athletic Club KC Reserves batting - Pitching for Salt Lake City Buzz : RHP Alfredo Molina
Batting: RHB Dick Barnett 0-0: Fly out, F8 (Flyball, 8LXD, EV 100.0 MPH)
Batting: LHB Oriol Fernández 0-0: Fly out, F9 (Flyball, 89M, EV 80.6 MPH)
Batting: SHB Michael Evershed 0-0: Fly out, F7 (Flyball, 7D, EV 100.6 MPH)
Bottom of the 4th over - 0 runs, 0 hits, 0 errors, 0 left on base; Salt Lake City 0 - Athletic Club KC 0
TOP OF THE 5TH
Salt Lake City Buzz batting - Pitching for Athletic Club KC Reserves : RHP Kyuso Ageda
Batting: RHB César Vélez 0-0: Ball
1-0: Ball
2-0: Ball
3-0: Base on Balls
Batting: RHB Juan Neváres 0-0: Ball
1-0: Fly out, F7 (Flyball, 7S, EV 93.1 MPH)
Batting: LHB Aaron Day 0-0: Ball
1-0: Ball
2-0: Ball
3-0: Base on Balls
César Vélez to second
Batting: RHB Falco Opsteegh 0-0: Fly out, F7 (Flyball, 7D, EV 83.8 MPH)
Batting: RHB Fytor Ceia 0-0: Fly out, F7 (Flyball, 7LS, EV 87.5 MPH)
Top of the 5th over - 0 runs, 0 hits, 0 errors, 2 left on base; Salt Lake City 0 - Athletic Club KC 0
BOTTOM OF THE 5TH
Athletic Club KC Reserves batting - Pitching for Salt Lake City Buzz : RHP Alfredo Molina
Batting: LHB Miguel Fernández 0-0: SINGLE (Groundball, 34D, EV 106.2 MPH)
Batting: LHB Ted Reed 0-0: Sac Bunt to 25 - play at first, batter OUT! 5-3
Miguel Fernández to second
Batting: LHB Thomas Nealy 0-0: Called Strike
0-1: SINGLE (Groundball, 4MD, EV 96.9 MPH)
Miguel Fernández to third
Batting: RHB Gabriel Martínez 0-0: Swinging Strike
0-1: Ball
1-1: Fly out, F9 (Flyball, 89D, EV 80.6 MPH)
Runner from 3rd tags up, SCORES, throw by RF
Batting: RHB Marcos Quintana 0-0: Called Strike
0-1: Swinging Strike
0-2: Ball
1-2: Ball
2-2: Strikes out swinging
Bottom of the 5th over - 1 run, 2 hits, 0 errors, 1 left on base; Salt Lake City 0 - Athletic Club KC 1
TOP OF THE 6TH
Salt Lake City Buzz batting - Pitching for Athletic Club KC Reserves : RHP Kyuso Ageda
Batting: LHB Ronald Lithgoe 0-0: Called Strike
0-1: Foul Ball, location: 2F
0-2: Ball
1-2: Fly out, F9 (Flyball, 9, EV 92.5 MPH)
Batting: RHB Mark Quaintance 0-0: Fly out, F7 (Line Drive, 7, EV 92.5 MPH)
Batting: LHB Glenn Lockhart 0-0: Ball
1-0: Ball
2-0: Ball
3-0: Base on Balls
Batting: RHB Vinnie Nuyten 0-0: Ball
1-0: Ball
2-0: Ball
3-0: Called Strike
3-1: Swinging Strike
3-2: Foul Ball, location: 2F
3-2: Base on Balls
Glenn Lockhart to second
Batting: RHB César Vélez 0-0: Called Strike
0-1: Ball
1-1: Swinging Strike
1-2: Ball
2-2: Ground out 4-3 (Groundball, 34, EV 88.1 MPH)
Top of the 6th over - 0 runs, 0 hits, 0 errors, 2 left on base; Salt Lake City 0 - Athletic Club KC 1
BOTTOM OF THE 6TH
Athletic Club KC Reserves batting - Pitching for Salt Lake City Buzz : RHP Alfredo Molina
Batting: SHB Gary Hopkins 0-0: Called Strike
0-1: Ball
1-1: Called Strike
1-2: Ball
2-2: Foul Ball, location: 2F
2-2: Ball
3-2: Strikes out swinging
Batting: RHB Dick Barnett 0-0: Ground out 6-3 (Groundball, 6, EV 105.0 MPH)
Batting: LHB Oriol Fernández 0-0: Ball
1-0: Foul Ball, location: 2F
1-1: Ball
2-1: Ball
3-1: Base on Balls
Batting: SHB Michael Evershed 0-0: Swinging Strike
0-1: SINGLE (Line Drive, 56D, EV 106.9 MPH)
Oriol Fernández to second
Batting: LHB Miguel Fernández 0-0: Ball
1-0: Fly out, F8 (Line Drive, 8LD, EV 93.1 MPH)
Bottom of the 6th over - 0 runs, 1 hit, 0 errors, 2 left on base; Salt Lake City 0 - Athletic Club KC 1
TOP OF THE 7TH
Salt Lake City Buzz batting - Pitching for Athletic Club KC Reserves : RHP Kyuso Ageda
Pitching: RHP Rick Knapp
Batting: RHB Juan Neváres 0-0: Ball
1-0: Fly out, F9 (Flyball, 9LS, EV 82.5 MPH)
Batting: LHB Aaron Day 0-0: Ball
1-0: Called Strike
1-1: Ball
2-1: Swinging Strike
2-2: Ball
3-2: Base on Balls
Batting: RHB Falco Opsteegh 0-0: Foul Ball, location: 2F
0-1: DOUBLE (Line Drive, 8LXD, EV 105.0 MPH)
Aaron Day to third
Pinch Hitting: SHB Oscar Henson 0-0: Called Strike
0-1: Ball
1-1: Foul Ball, location: 2F
1-2: Ball
2-2: Strikes out swinging
Batting: LHB Ronald Lithgoe 0-0: Fly out, F5 (Popup, 5S, EV 85.0 MPH)
Top of the 7th over - 0 runs, 1 hit, 0 errors, 2 left on base; Salt Lake City 0 - Athletic Club KC 1
BOTTOM OF THE 7TH
Athletic Club KC Reserves batting - Pitching for Salt Lake City Buzz : RHP Alfredo Molina
Now at 3B: Oscar Henson
Batting: LHB Ted Reed 0-0: Called Strike
0-1: Ball
1-1: Ball
2-1: Ball
3-1: Foul Ball, location: 2F
3-2: SINGLE (Line Drive, 5D, EV 108.1 MPH)
Batting: LHB Thomas Nealy 0-0: Ball
1-0: Foul Ball, location: 2F
1-1: Called Strike
1-2: Strikes out looking
Batting: RHB Gabriel Martínez 0-0: Called Strike
0-1: Ball
1-1: Foul Ball, location: 2F
1-2: Fly out, F9 (Line Drive, 9, EV 100.0 MPH)
Batting: RHB Marcos Quintana 0-0: Called Strike
0-1: Ball
1-1: Ball
2-1: Ground out 4-3 (Groundball, 34, EV 101.9 MPH)
Bottom of the 7th over - 0 runs, 1 hit, 0 errors, 1 left on base; Salt Lake City 0 - Athletic Club KC 1
TOP OF THE 8TH
Salt Lake City Buzz batting - Pitching for Athletic Club KC Reserves : RHP Rick Knapp
Pitching: RHP Ozamataz Buckshank
Batting: RHB Mark Quaintance 0-0: Ball
1-0: Called Strike
1-1: Ball
2-1: Ball
3-1: Fly out, F7 (Flyball, 7LS, EV 88.1 MPH)
Batting: LHB Glenn Lockhart 0-0: Foul Ball, location: 2F
0-1: Ball
1-1: Fly out, F7 (Flyball, 7LSF, EV 82.5 MPH)
Batting: RHB Vinnie Nuyten 0-0: Fly out, F9 (Line Drive, 9, EV 91.9 MPH)
Top of the 8th over - 0 runs, 0 hits, 0 errors, 0 left on base; Salt Lake City 0 - Athletic Club KC 1
BOTTOM OF THE 8TH
Athletic Club KC Reserves batting - Pitching for Salt Lake City Buzz : RHP Alfredo Molina
Batting: SHB Gary Hopkins 0-0: Ball
1-0: Fly out, F7 (Flyball, 7D, EV 90.0 MPH)
Batting: RHB Dick Barnett 0-0: Ball
1-0: Swinging Strike
1-1: Ground out 6-3 (Groundball, 6, EV 102.5 MPH)
Batting: LHB Oriol Fernández 0-0: Swinging Strike
0-1: Foul Ball, location: 2F
0-2: Strikes out swinging
Bottom of the 8th over - 0 runs, 0 hits, 0 errors, 0 left on base; Salt Lake City 0 - Athletic Club KC 1
TOP OF THE 9TH
Salt Lake City Buzz batting - Pitching for Athletic Club KC Reserves : RHP Ozamataz Buckshank
Batting: RHB César Vélez 0-0: Called Strike
0-1: Ball
1-1: Ball
2-1: Ball
3-1: Swinging Strike
3-2: Foul Ball, location: 2F
3-2: Foul Ball, location: 2F
3-2: Foul Ball, location: 2F
3-2: Foul Ball, location: 2F
3-2: Foul Ball, location: 2F
3-2: Base on Balls
Batting: RHB Juan Neváres 0-0: Foul Ball, location: 2F
0-1: Grounds into double play, 4-6-3 (Groundball, 4, EV 96.9 MPH)
Batting: LHB Aaron Day 0-0: Ball
1-0: Ball
2-0: Swinging Strike
2-1: Foul Ball, location: 2F
2-2: Strikes out swinging
Top of the 9th over - 0 runs, 0 hits, 0 errors, 0 left on base; Salt Lake City 0 - Athletic Club KC 1
Friday, March 26th, 2021 - OOTP Baseball 20.8 Build 74